 Dungeon Crawl Stone Soup version 0.21-a0-251-g5e8393f (webtiles) character file.

452 KristoblXynda the Sneak (level 6, -6/28 HPs)
             Began as a Spriggan Enchanter on Sept 5, 2017.
             Killed by divine providence
             ... invoked by an orc priest
              (16 damage)
             ... on level 4 of the Dungeon.
             The game lasted 00:07:26 (4206 turns).

KristoblXynda the Sneak (Spriggan Enchanter)        Turns: 4206, Time: 00:07:27

Health: -6/28      AC:  3    Str:  5    XL:     6   Next: 75%
Magic:  15/15      EV: 18    Int: 18    God:
Gold:   220        SH:  0    Dex: 16    Spells: 10/16 levels left

rFire    . . .     SeeInvis +   l - +2 short sword (freeze)
rCold    . . .     Gourm    .   (shield restricted)
rNeg     . . .     Faith    .   b - +0 robe
rPois    .         Spirit   .   (helmet restricted)
rElec    .         Reflect  .   o - +0 cloak
rCorr    .         Harm     .   (gloves unavailable)
MR       +....                  (boots unavailable)
Stlth    ++++......             (no amulet)
HPRegen  0.09/turn              (no ring)
MPRegen  0.14/turn              (no ring)

@: drained, very quick
A: unfitting armour, see invisible, herbivore 3, speed 3, slow metabolism 2
a: no special abilities


You were on level 4 of the Dungeon.
You were not hungry.

You visited 1 branch of the dungeon, and saw 4 of its levels.

You collected 220 gold pieces.

Inventory:

Hand Weapons
 l - a +2 short sword of freezing (weapon)
 p - a +1 dagger of freezing
Armour
 b - a +0 robe (worn)
 o - a +0 cloak (worn)
Scrolls
 e - a scroll of amnesia {unknown}
 f - a scroll of identify
 g - 4 scrolls of teleportation
 i - 2 scrolls of enchant weapon {unknown}
 j - 2 scrolls of blinking {unknown}
 q - a scroll of magic mapping {unknown}
 u - a scroll of remove curse {unknown}
 v - a scroll of immolation {unknown}
Potions
 a - 2 potions of curing
 h - 2 potions of heal wounds
 k - a potion of brilliance
 m - a potion of haste
 n - a potion of ambrosia
 r - 2 potions of magic
 s - a potion of berserk rage {unknown}
Books
 c - a book of Maledictions

   Spells                             Type                      Level
   a - Corona                         Hexes                        1
   b - Ensorcelled Hibernation        Hexes/Ice                    2
   c - Confuse                        Hexes                        3
   d - Tukima's Dance                 Hexes                        3
   e - Dazzling Spray                 Conjuration/Hexes            3
 t - a book of Cantrips

   Spells                             Type                      Level
   a - Confusing Touch                Hexes                        1
   b - Animate Skeleton               Necromancy                   1
   c - Summon Small Mammal            Summoning                    1
   d - Apportation                    Translocation                1
Comestibles
 d - 3 bread rations


   Skills:
 - Level 1.1(1.0) Short Blades
 - Level 3.0(2.8) Dodging
 + Level 7.4(7.3) Stealth
 + Level 5.7(5.5) Spellcasting
 + Level 6.1(6.0) Hexes


You had 10 spell levels left.
You knew the following spells:

 Your Spells              Type           Power        Failure   Level  Hunger
a - Corona                Hex            ####...      1%          1    None
b - Ensorcelled Hibernat  Hex/Ice        ###...       5%          2    None
c - Confuse               Hex            ####....     3%          3    ##.....


Dungeon Overview and Level Annotations

Branches:
Dungeon (4/15)
 Temple: D:4-7

Altars:
Nemelex Xobeh
Wu Jian


Innate Abilities, Weirdness & Mutations

You are very small and have problems with some larger weapons.
You are too small for most types of armour.
You have supernaturally acute eyesight. (SInv)
You are a herbivore.
You cover ground extremely quickly.
You need consume almost no food.


Message History

The orc hits you with a mace. The orc barely misses you.
The orc priest barely misses you.
You hit the orc priest. You freeze the orc priest.
The orc priest is lightly wounded.
The orc completely misses you. The orc priest closely misses you.
The orc hits you with a club.
You closely miss the orc.
The orc is almost dead.
The orc priest barely misses you. The orc closely misses you.
The orc hits you but does no damage.
You hit the orc priest. You freeze the orc priest.
The orc priest is moderately wounded.
The orc priest calls down the wrath of Beogh upon you.
Beogh smites you! The orc closely misses you. The orc hits you with a mace.
You barely miss the orc.
The orc is almost dead.
The orc priest calls down the wrath of Beogh upon you.
Beogh smites you!
Ouch! That really hurt!
You die...

#.#..##.†...####.##
.. .
#......###...#..##
#..# . #...####
###.....###.. .. .
#.#.## ###........
. ##### #........
#........ #..####..
#..## .# #@..#
#ooo.....#
...h.......
.............
........###....
......### #...
...... #.. ...##.
#.


You could see a hound, an orc priest and 2 orcs.

Vanquished Creatures
  An ogre (D:4)
  3 wights (D:4)
  A bullfrog zombie (D:4)
  A hound (D:4)
  2 orc wizards (D:3)
  4 adders
  3 worms
  A dart slug (D:1)
  3 leopard geckos
  12 orcs
  3 giant cockroaches
  7 goblins
  6 hobgoblins
  3 jackals (D:2)
  2 quokkas (D:2)
  7 bats
  5 frilled lizards
  5 kobolds
  17 rats
86 creatures vanquished.

Notes
Turn   | Place    | Note
-------+----------+-------------------------------------------
     0 | D:1      | KristoblXynda the Spriggan Enchanter began the quest for the Orb.
     0 | D:1      | Reached XP level 1. HP: 9/9 MP: 5/5
   484 | D:1      | Reached XP level 2. HP: 8/13 MP: 7/7
   602 | D:1      | Learned a level 2 spell: Ensorcelled Hibernation
  1137 | D:1      | Reached XP level 3. HP: 16/16 MP: 9/9
  1487 | D:1      | Learned a level 3 spell: Confuse
  1654 | D:2      | Reached skill level 5 in Stealth
  2255 | D:2      | Reached XP level 4. HP: 21/21 MP: 10/10
  2855 | D:3      | Reached skill level 5 in Hexes
  2890 | D:3      | Reached XP level 5. HP: 11/24 MP: 8/12
  2999 | D:3      | Reached skill level 6 in Stealth
  3260 | D:3      | Found a sparkling altar of Nemelex Xobeh.
  3663 | D:4      | Noticed an ogre
  3674 | D:4      | Killed an ogre
  3674 | D:4      | Reached skill level 5 in Spellcasting
  3674 | D:4      | Reached XP level 6. HP: 28/28 MP: 7/14
  3781 | D:4      | Reached skill level 7 in Stealth
  4051 | D:4      | Found an ornate altar of the Wu Jian Council.
  4206 | D:4      | Killed from afar by an orc priest

Vault maps used:
D:1:      grunt_arrival_crossed_arrows
D:2:      first_bread
D:3:      nemelex_altar_shiori
D:4:      old_standard_altar, temple_green, uniq_robin

Skill      XL: |  1  2  3  4  5  6 |
---------------+-------------------+-----
Spellcasting   | 3 4 5 |  5.7
Hexes          | 4 5 6 |  6.1
Stealth        | 5 6 7 |  7.4
Short Blades   | |  1.1
Dodging        | |  3.0

Action                   |  1- 3 |  4- 6 || total
-------------------------+-------+-------++-------
Melee: Dagger            |    89 |       ||    89
       Short sword       |    33 |   123 ||   156
 Cast: Ensorcelled Hiber |    12 |    11 ||    23
       Confuse           |       |     9 ||     9
  Use: Scroll            |     3 |     4 ||     7
       Potion            |       |     1 ||     1
 Stab: Sleeping          |    26 |    13 ||    39
       Confused          |       |    10 ||    10
  Eat: Fruit             |       |     1 ||     1
       Royal jelly       |       |     1 ||     1
Armor: Robe              |     9 |     5 ||    14
Dodge: Dodged            |    94 |    90 ||   184

Table legend:
 A = Spawn XP
 B = Non-spawn XP
 C = Spawn XP percentage of total XP
 D = Spawn monster count
 E = Non-spawn monster count
 F = Spawn count percentage of total count
 G = Total turns spent on level
                    A         B        C        D         E        F      G
               +---------+---------+-------+---------+---------+-------+---------
         Total |      96 |     550 |  14.9 |      16 |      70 |  18.6 |  4206
               +---------+---------+-------+---------+---------+-------+---------
           D:1 |      11 |      31 |  26.2 |       6 |      19 |  24.0 |  1448
           D:2 |       2 |      54 |   3.6 |       1 |      23 |   4.2 |   970
           D:3 |      67 |      86 |  43.8 |       7 |      17 |  29.2 |   965
           D:4 |      16 |     379 |   4.1 |       2 |      11 |  15.4 |   823
               +---------+---------+-------+---------+---------+-------+---------
